 Dungeon Crawl Stone Soup version 0.24.0-2-g5b39cebb1c (webtiles) character file.

Game seed: 16796552661894079486, levelgen mode: deterministic

511 xccam the Fighter (level 7, -2/63 HPs)
             Began as a Gnoll Wanderer on Oct 31, 2019.
             Slain by an ice beast (4 damage)
             ... on level 5 of the Dungeon.
             The game lasted 00:06:16 (3685 turns).

xccam the Fighter (Gnoll Wanderer)                  Turns: 3685, Time: 00:06:17

Health: -2/63      AC:  9    Str: 17    XL:     7   Next: 19%
Magic:  10/10      EV:  9    Int: 13    God:
Gold:   177        SH:  0    Dex: 15    Spells: 10/10 levels left

rFire    . . .     SeeInvis .   a - +1 quarterstaff
rCold    . . .     Gourm    .   (shield currently unavailable)
rNeg     . . .     Faith    .   n - +0 chain mail
rPois    .         Spirit   .   (no helmet)
rElec    .         Reflect  .   (no cloak)
rCorr    .         Harm     .   q - +0 pair of gloves
MR       .....                  (no boots)
Stlth    ..........             (no amulet)
HPRegen  0.20/turn              (no ring)
MPRegen  0.12/turn              (no ring)

@: no status effects
A: distributed training, fangs 1, strong nose
a: no special abilities


You were on level 5 of the Dungeon.
You were hungry.

You visited 1 branch of the dungeon, and saw 5 of its levels.

You collected 177 gold pieces.

Inventory:

Hand Weapons
 a - a +1 quarterstaff (weapon)
 b - a +0 hunting sling
 c - a +0 short sword
 o - a cursed -3 trident
 v - a +1 morningstar of protection
Missiles
 m - 58 stones (quivered)
Armour
 j - a +2 leather armour
 n - a +0 chain mail (worn)
 q - a +0 pair of gloves (worn)
Wands
 g - a wand of iceblast (7)
 s - a wand of scattershot (3)
Scrolls
 e - a scroll of teleportation
 f - 3 scrolls of remove curse
 h - 2 scrolls of enchant weapon
 p - a scroll of magic mapping {unknown}
 t - 7 scrolls of identify
Potions
 k - a potion of lignification
 l - a potion of mutation {unknown}
Comestibles
 d - 8 rations


   Skills:
 + Level 8.8 Fighting
 + Level 3.5 Short Blades
 + Level 2.3 Long Blades
 + Level 2.3 Axes
 + Level 2.3 Maces & Flails
 + Level 2.3 Polearms
 + Level 3.5 Staves
 + Level 2.3 Slings
 + Level 2.3 Bows
 + Level 2.3 Crossbows
 + Level 2.3 Throwing
 + Level 2.3 Armour
 + Level 5.1 Dodging
 + Level 2.3 Stealth
 + Level 3.5 Shields
 + Level 2.3 Unarmed Combat
 + Level 2.3 Spellcasting
 + Level 1.8 Conjurations
 + Level 1.8 Hexes
 + Level 1.8 Charms
 + Level 1.8 Summonings
 + Level 1.8 Necromancy
 + Level 1.8 Translocations
 + Level 1.8 Transmutations
 + Level 1.8 Fire Magic
 + Level 1.8 Ice Magic
 + Level 1.8 Air Magic
 + Level 1.8 Earth Magic
 + Level 1.8 Poison Magic
 + Level 2.5 Invocations
 + Level 3.5 Evocations


You had 10 spell levels left.
You didn't know any spells.
Your spell library was empty.

Dungeon Overview and Level Annotations

Branches:
Dungeon (5/15)
 Temple: D:4-7

Altars:
Elyvilon
Vehumet


Innate Abilities, Weirdness & Mutations

Your experience applies equally to all skills.
You have very sharp teeth.
Your uncanny sense of smell can sniff out nearby items.


Message History

The ice beast is severely wounded.
The ice beast hits you. The ice beast freezes you!
* * * LOW HITPOINT WARNING * * *
You hit the ice beast.
The ice beast is severely wounded.
The ice beast hits you.
* * * LOW HITPOINT WARNING * * *
The ice beast freezes you!
* * * LOW HITPOINT WARNING * * *
You closely miss the ice beast. Your bite misses the ice beast.
The ice beast is severely wounded.
The ice beast barely misses you.
Okay, then.
You hit the ice beast.
The ice beast is almost dead.
The ice beast hits you but does no damage.
You closely miss the ice beast.
The ice beast is almost dead.
The ice beast hits you.
You die...

#(# #.# #.###
#(.. #(.# .
#..###..#
#######Y......#
.......@.#
########## ∆ ∆


You could see an ice beast.

Vanquished Creatures
  2 ogres (D:4)
  A scorpion (D:4)
  A hound (D:4)
  A jelly (D:3)
  Ijyb (D:3)
  2 orc wizards
  3 gnolls (D:4)
  An adder (D:4)
  An ooze (D:3)
  An adder zombie (D:2)
  4 worms
  2 dart slugs
  2 leopard geckos
  20 orcs
  4 giant cockroaches
  3 goblins (D:2)
  9 hobgoblins
  6 jackals
  5 kobolds
  3 quokkas
  5 bats
  6 frilled lizards
  A quokka skeleton (D:4)
  4 rats
88 creatures vanquished.

Notes
Turn   | Place    | Note
-------+----------+-------------------------------------------
     0 | D:1      | xccam the Gnoll Wanderer began the quest for the Orb.
     0 | D:1      | xccam set off with the following items: a +0 quarterstaff,
                  | a +2 leather armour, a +0 short sword, a ration
     0 | D:1      | Reached XP level 1. HP: 26/26 MP: 2/2
   114 | D:1      | Reached XP level 2. HP: 33/33 MP: 3/3
  1010 | D:2      | Reached XP level 3. HP: 38/38 MP: 4/4
  1172 | D:2      | Reached skill level 1 in Invocations
  1376 | D:2      | Found a white marble altar of Elyvilon.
  1809 | D:2      | Reached skill level 1 in Long Blades
  1809 | D:2      | Reached skill level 1 in Axes
  1809 | D:2      | Reached skill level 1 in Maces & Flails
  1809 | D:2      | Reached skill level 1 in Polearms
  1809 | D:2      | Reached skill level 1 in Slings
  1809 | D:2      | Reached skill level 1 in Bows
  1809 | D:2      | Reached skill level 1 in Crossbows
  1809 | D:2      | Reached skill level 1 in Throwing
  1809 | D:2      | Reached skill level 1 in Armour
  1809 | D:2      | Reached skill level 1 in Stealth
  1809 | D:2      | Reached skill level 1 in Unarmed Combat
  1809 | D:2      | Reached skill level 1 in Spellcasting
  2074 | D:3      | Reached XP level 4. HP: 45/45 MP: 6/6
  2167 | D:3      | Found a radiant altar of Vehumet.
  2170 | D:3      | Noticed Ijyb
  2183 | D:3      | Killed Ijyb
  2271 | D:3      | Reached skill level 1 in Conjurations
  2271 | D:3      | Reached skill level 1 in Hexes
  2271 | D:3      | Reached skill level 1 in Charms
  2271 | D:3      | Reached skill level 1 in Summonings
  2271 | D:3      | Reached skill level 1 in Necromancy
  2271 | D:3      | Reached skill level 1 in Translocations
  2271 | D:3      | Reached skill level 1 in Transmutations
  2271 | D:3      | Reached skill level 1 in Fire Magic
  2271 | D:3      | Reached skill level 1 in Ice Magic
  2271 | D:3      | Reached skill level 1 in Air Magic
  2271 | D:3      | Reached skill level 1 in Earth Magic
  2271 | D:3      | Reached skill level 1 in Poison Magic
  2357 | D:3      | Reached XP level 5. HP: 45/51 MP: 7/7
  2777 | D:4      | Noticed an ogre
  2784 | D:4      | Killed an ogre
  2784 | D:4      | Reached XP level 6. HP: 57/57 MP: 8/8
  2860 | D:4      | HP: 2/57 [quokka (2)]
  2869 | D:3      | HP: 1/57 [orc/cursed +0 club (2)]
  3226 | D:4      | Reached skill level 5 in Dodging
  3413 | D:4      | Reached XP level 7. HP: 58/63 MP: 10/10
  3666 | D:5      | Entered Level 5 of the Dungeon
  3682 | D:5      | HP: 1/63 [ice beast (11)]
  3685 | D:5      | Slain by an ice beast

Levels and vault maps discovered:
D:1:      dpeg_arrival_round_a, layout_basic
D:2:      layout_basic, elyvilon_altar_3
D:3:      layout_loops_corners, vehumet_crystals, st_stairs_11, uniq_ijyb
D:4:      layout_cave_pools, first_ration
D:5:      layout_loops_ring, fedhas_altar_4, old_standard_altar

Skill      XL: |  1  2  3  4  5  6 |
---------------+-------------------+-----
Invocations    | 1 2 |  2.5
Long Blades    | 1 2 |  2.3
Axes           | 1 2 |  2.3
Maces & Flails | 1 2 |  2.3
Polearms       | 1 2 |  2.3
Slings         | 1 2 |  2.3
Bows           | 1 2 |  2.3
Crossbows      | 1 2 |  2.3
Throwing       | 1 2 |  2.3
Armour         | 1 2 |  2.3
Stealth        | 1 2 |  2.3
Unarmed Combat | 1 2 |  2.3
Spellcasting   | 1 2 |  2.3
Conjurations   | 1 |  1.8
Hexes          | 1 |  1.8
Charms         | 1 |  1.8
Summonings     | 1 |  1.8
Necromancy     | 1 |  1.8
Translocations | 1 |  1.8
Transmutations | 1 |  1.8
Fire Magic     | 1 |  1.8
Ice Magic      | 1 |  1.8
Air Magic      | 1 |  1.8
Earth Magic    | 1 |  1.8
Poison Magic   | 1 |  1.8
Short Blades   | 3 |  3.5
Staves         | 3 |  3.5
Shields        | 3 |  3.5
Evocations     | 3 |  3.5
Dodging        | 5 |  5.1
Fighting       | |  8.8

Action                   |  1- 3 |  4- 6 |  7- 9 || total
-------------------------+-------+-------+-------++-------
Melee: Quarterstaff      |   107 |   132 |    29 ||   268
       Bite              |    12 |    11 |     4 ||    27
 Fire: Hunting sling     |       |    10 |     5 ||    15
Evoke: Wand              |       |     2 |     1 ||     3
  Use: Scroll            |     7 |     4 |       ||    11
       Potion            |       |     2 |       ||     2
 Stab: Sleeping          |     2 |     2 |       ||     4
  Eat: Chunk             |     1 |     4 |       ||     5
       Ration            |     1 |       |       ||     1
Armor: Leather armour    |    34 |    40 |       ||    74
       Scale mail        |       |       |     1 ||     1
       Chain mail        |       |       |     1 ||     1
Dodge: Dodged            |    80 |   162 |    20 ||   262
